 Dungeon Crawl Stone Soup version 0.16-a0-3159-g1b9e691 (webtiles) character file.

106 Johnny the Bolt Thrower (level 5, 0/40 HPs)
             Began as a Human Hunter on Dec 15, 2014.
             Slain by an orc wizard
             ... wielding a +0 dagger
              (2 damage)
             ... on level 3 of the Dungeon.
             The game lasted 00:01:41 (1332 turns).

Johnny the Bolt Thrower (Human Hunter)              Turns: 1332, Time: 00:01:41

Health: 0/40       AC:  3    Str: 12    XL:     5   Next: 10%
Magic:  5/5        EV: 12    Int: 11    God:
Gold:   102        SH:  0    Dex: 15    Spells: 0 memorised, 4 levels left

rFire  . . .     SeeInvis .     a - +0 short sword
rCold  . . .     Clarity  .     d - +0 leather armour
rNeg   . . .     SustAb   .     (no shield)
rPois  .         Gourm    .     (no helmet)
rElec  .         Spirit   .     (no cloak)
rCorr  .         Warding  .     (no gloves)
rMut   .         Stasis   .     (no boots)
MR     .....                    (no amulet)
Stlth  ++........               (no ring)
                                (no ring)

@: lethally poisoned, not resistant to hostile enchantments, unstealthy
A: no striking features
a: no special abilities


You were on level 3 of the Dungeon.
You were very hungry.

You visited 1 branch of the dungeon, and saw 3 of its levels.

You collected 102 gold pieces.

Inventory:

Hand weapons
 a - a +0 short sword (weapon)
 b - a +1 hand crossbow
Missiles
 c - 10 bolts
Armour
 d - a +0 leather armour (worn)
Scrolls
 e - 2 scrolls of recharging {unknown}
 g - a scroll of magic mapping {unknown}
 i - a scroll of random uselessness {unknown}
 k - 4 scrolls of identify {unknown}
Potions
 m - a potion of restore abilities {unknown}
Comestibles
 f - 2 bread rations
 j - a slice of pizza


   Skills:
 + Level 2.8 Fighting
 * Level 5.2 Crossbows
 + Level 2.8 Dodging
 - Level 1.0 Stealth


You had 4 spell levels left.
You didn't know any spells.

Dungeon Overview and Level Annotations

Branches:
Dungeon (3/15)

Altars:
Elyvilon

Annotations:
D:3 Johnny's ghost, average HuHu


Message History

The adder poisons you! The orc closely misses you.
The orc wizard hits you but does no damage.
The orc priest moves out of view.
The giant cockroach bites you but does no damage.
The quokka misses you. The adder misses you. The orc misses you.
The giant cockroach bites you but does no damage.
You hit the orc but do no damage.
You feel sick. The giant cockroach closely misses you.
The orc hits you but does no damage. The orc wizard completely misses you.
The orc priest invokes the aid of Beogh against you.
Something smites you!
* * * LOW HITPOINT WARNING * * *
The orc hits you.
* * * LOW HITPOINT WARNING * * *
The giant cockroach bites you but does no damage.
Drink which item? (? for menu, Esc to quit)
It was a potion of cure mutation.
It has a very clean taste.
The orc barely misses you. The orc wizard hits you with a dagger.
You die...

......###########.......#
.........................#
.........#########.......#
.#######.### #.......#
#...# ##.....## ###.#
####### #.# ##o## o.
..#####o@.## ..
#......ooso# ..
#####..Sr.....(.. .#
#........##.. .###
#.>........ ...###
.............. .......
.........###. o......
##..#.#.o .r.....
...!####.


You could see an orc priest, an orc wizard, an adder, 4 orcs, a quokka and a
giant cockroach.

Vanquished Creatures
  An orc wizard (D:2)
  5 adders (D:2)
  4 giant geckos
  A bat (D:2)
  4 goblins
  3 hobgoblins
  2 jackals (D:1)
  A giant cockroach (D:1)
  2 giant newts
  6 kobolds (D:2)
  3 quokkas (D:2)
  3 rats
35 creatures vanquished.

Notes
Turn   | Place    | Note
--------------------------------------------------------------
     0 | D:1      | Johnny, the Human Hunter, began the quest for the Orb.
     0 | D:1      | Reached XP level 1. HP: 16/16 MP: 1/1
    60 | D:1      | Reached XP level 2. HP: 22/22 MP: 2/2
   534 | D:2      | Reached XP level 3. HP: 26/28 MP: 3/3
   831 | D:2      | Reached XP level 4. HP: 34/34 MP: 4/4
   946 | D:2      | Found a white marble altar of Elyvilon.
  1154 | D:2      | Reached skill level 5 in Crossbows
  1179 | D:3      | Noticed Johnny's ghost (average HuHu)
  1204 | D:2      | Reached XP level 5. HP: 40/40 MP: 5/5
  1331 | D:3      | HP: 2/40 [orc (4)]
  1332 | D:3      | Slain by an orc wizard

Action                   |  1- 3 |  4- 6 || total
-------------------------+-------+-------++-------
Melee: Short sword       |       |    16 ||    16
 Fire: Hand crossbow     |    67 |    25 ||    92
  Use: Potion            |       |     2 ||     2
